 Dungeon Crawl Stone Soup version 0.17.1-3-g152610e (webtiles) character file.

473 manyhoops the Chopper (level 6, 0/48 HPs)
             Began as a Demonspawn Gladiator on Apr 27, 2016.
             Slain by Crazy Yiuf
             ... wielding a +4 quarterstaff of chaos
              (12 damage)
             ... on level 4 of the Dungeon.
             The game lasted 00:05:53 (3445 turns).

manyhoops the Chopper (Demonspawn Gladiator)        Turns: 3445, Time: 00:05:54

Health: 0/48       AC: 13    Str: 17    XL:     6   Next: 83%
Magic:  5/6        EV: 10    Int:  9    God:
Gold:   209        SH:  0    Dex: 19    Spells: 0 memorised, 5 levels left

rFire  + + .     SeeInvis .     a - +0 war axe
rCold  x . .     Clarity  .     k - +0 fire dragon armour
rNeg   . . .     SustAt   .     (no shield)
rPois  .         Gourm    .     c - +0 helmet
rElec  .         Spirit   .     i - +0 cloak
rCorr  .         Warding  .     (no gloves)
rMut   .         Stasis   .     (no boots)
MR     .....                    (no amulet)
Stlth  ..........               (no ring)
                                r - +5 ring of dexterity

@: lethally poisoned (0 -> -2), not resistant to hostile enchantments, extremely
unstealthy
A: yellow scales 1
a: no special abilities


You were on level 4 of the Dungeon.
You were not hungry.

You visited 1 branch of the dungeon, and saw 4 of its levels.

You collected 209 gold pieces.

Inventory:

Hand Weapons
 a - a +0 war axe (weapon)
 s - a +0 hand axe of electrocution
 x - a +0 mace of protection
Missiles
 d - 4 throwing nets (quivered)
Armour
 c - a +0 helmet (worn)
 i - a +0 cloak (worn)
 k - a +0 fire dragon armour (worn)
Jewellery
 r - a +5 ring of dexterity (left hand)
Wands
 n - a wand of frost (7)
Scrolls
 f - 7 scrolls of remove curse
 l - 2 scrolls of amnesia {unknown}
 m - a scroll of enchant weapon {unknown}
 o - a scroll of noise {unknown}
 q - a scroll of recharging {unknown}
 t - a scroll of magic mapping {unknown}
 w - a scroll of fear {unknown}
 y - 2 scrolls of teleportation {unknown}
 C - a scroll of blinking {unknown}
Potions
 b - a potion of berserk rage {unknown}
 h - 2 potions of brilliance
 p - a potion of cancellation {unknown}
 u - a potion of curing {unknown}
 z - a potion of degeneration {unknown}
 A - a potion of agility {unknown}
 B - a potion of flight {unknown}
Comestibles
 e - 3 bread rations
 g - a slice of pizza
 j - a royal jelly
 v - 5 fruits


   Skills:
 + Level 4.0 Fighting
 + Level 4.4 Axes
 - Level 1.7 Throwing
 + Level 4.1 Armour
 - Level 2.6 Dodging


You had 5 spell levels left.
You didn't know any spells.

Dungeon Overview and Level Annotations

Branches:
Dungeon (4/15)             Temple (0/1) D:4

Altars:
Dithmenos
Fedhas
The Shining One

Annotations:
D:4 exclusion: oklob sapling, Crazy Yiuf


Innate Abilities, Weirdness & Mutations

You are partially covered in yellow scales (AC +2).


Message History

Key pressed, stopping explore.
Crazy Yiuf the Enlightened comes into view.
He is wielding a quarterstaff of chaos.
Crazy Yiuf shouts!
Crazy Yiuf drinks a potion.
Crazy Yiuf flickers and vanishes!
Deactivating autopickup; reactivate with Ctrl-A.
Something hits you! Something hits you but does no damage.
Something hits you but does no damage.
You are poisoned.
You feel sick.
You feel sick. Something hits you.
You closely miss something.
You feel sick. Something hits you!
You closely miss something. Something hits you! Something hits you.
* * * LOW HITPOINT WARNING * * *
You feel your power leaking away.
You closely miss something.
You feel sick. Something hits you.
* * * LOW HITPOINT WARNING * * *
You are electrocuted!
You die...

##...#######..
#............ #####
####......... #)..#
#..#.....†.## #...#
#..'.......#. #...#
#..#.......#. ##.##
#..#.......#. #.##
#..#.......## ##@#
#..#.......#. #.##
####.......#. ##.#
#..........#. ##.##
#..........## ##...#
#.>.########. #....#
#...+....(... #....#
#...#........
#....###...#####+##'
#...................


There were no monsters in sight!

Vanquished Creatures
  Sigmund (D:3)
  A scorpion (D:4)
  An orc wizard (D:3)
  A giant frog skeleton (D:4)
  2 worker ants (D:4)
  A hound skeleton (D:4)
  A gnoll (D:1)
  6 adders
  5 giant geckos
  9 orcs
  A giant cockroach (D:1)
  6 goblins
  8 hobgoblins
  4 jackals
  9 kobolds
  9 bats
  5 giant newts
  2 quokkas (D:3)
  8 rats
80 creatures vanquished.

Vanquished Creatures (others)
  A plant (D:4)
1 creature vanquished.

Grand Total: 81 creatures vanquished

Notes
Turn   | Place    | Note
--------------------------------------------------------------
     0 | D:1      | manyhoops the Demonspawn Gladiator began the quest for the Orb.
     0 | D:1      | Reached XP level 1. HP: 16/16 MP: 1/1
   122 | D:1      | Gained mutation: You are partially covered in yellow scales (AC +2). [demonic ancestry]
   122 | D:1      | Reached XP level 2. HP: 2/22 MP: 2/2
   494 | D:1      | Reached skill level 1 in Armour
   599 | D:1      | Found a glowing golden altar of the Shining One.
   653 | D:1      | Reached skill level 3 in Axes
   653 | D:1      | Reached XP level 3. HP: 13/28 MP: 3/3
  1277 | D:2      | Found a faded altar to an unknown god.
  1399 | D:2      | Reached XP level 4. HP: 21/34 MP: 4/4
  2167 | D:3      | Noticed Sigmund
  2224 | D:3      | Reached XP level 5. HP: 29/41 MP: 5/5
  2419 | D:3      | Killed Sigmund
  2419 | D:3      | Reached XP level 6. HP: 28/48 MP: 6/6
  2643 | D:3      | Reached skill level 4 in Axes
  3056 | D:4      | Found a staircase to the Ecumenical Temple.
  3185 | D:4      | Found a shadowy altar of Dithmenos.
  3273 | D:4      | Found a blossoming altar of Fedhas.
  3433 | D:4      | Noticed Crazy Yiuf
  3445 | D:4      | Slain by Crazy Yiuf

Action                   |  1- 3 |  4- 6 || total
-------------------------+-------+-------++-------
Melee: War axe           |   156 |   152 ||   308
  Use: Scroll            |     2 |     3 ||     5
       Potion            |       |     1 ||     1
  Eat: Chunk             |     2 |     4 ||     6
       Bread ration      |       |     1 ||     1
